 Dungeon Crawl Stone Soup version 0.23-a0-171-g5ae17c6 (webtiles) character file.

680 KristoblXynda the Ruffian (level 7, 0/59 HPs)
             Began as a Troll Wizard on Sept 13, 2018.
             Was an Initiate of Ashenzari.
             Slain by a centaur (7 damage)
             ... on level 6 of the Dungeon.
             The game lasted 00:07:31 (4035 turns).

KristoblXynda the Ruffian (Troll Wizard)            Turns: 4035, Time: 00:07:31

Health: 0/59       AC:  5    Str: 16    XL:     7   Next: 34%
Magic:  9/9        EV:  9    Int: 16    God:    Ashenzari [......]
Gold:   244        SH:  0    Dex:  8    Spells: 6/10 levels left

rFire    . . .     SeeInvis .     - Unarmed
rCold    + . .     Gourm    +   (no shield)
rNeg     . . .     Faith    .   a - +0 robe
rPois    .         Spirit   .   b - +0 hat
rElec    .         Reflect  .   (no cloak)
rCorr    .         Harm     .   (gloves unavailable)
MR       .....                  (boots unavailable)
Stlth    +.........             (no amulet)
HPRegen  0.59/turn              c - ring of protection from cold
MPRegen  0.11/turn              (no ring)

@: no status effects
A: large, unfitting armour, claws 3, fast metabolism 3, gourmand, regeneration
1, shaggy fur 1, tough skin 2
a: Curse Item, Renounce Religion


You were on level 6 of the Dungeon.
You worshipped Ashenzari.
Ashenzari was noncommittal.
You were completely stuffed.

You visited 2 branches of the dungeon, and saw 7 of its levels.

You collected 244 gold pieces.

Inventory:

Hand Weapons
 l - the +4 hand axe of Jefujuc {protect, Fragile rElec Int+9 Stlth+}
   (You found it on level 4 of the Dungeon)

   It protects the one who uses it against injury (+AC on strike).
   It affects your intelligence (+9).
   It insulates you from electricity.
   It will be destroyed if unequipped.
   It makes you more stealthy.
Armour
 a - a +0 robe (worn)
 b - a +0 hat (worn)
 r - a scarf of spirit shield
Jewellery
 c - a ring of protection from cold (left claw)
Scrolls
 f - 2 scrolls of noise {unknown}
 i - 5 scrolls of remove curse
 n - a scroll of amnesia {unknown}
 o - a scroll of enchant weapon {unknown}
 p - 4 scrolls of identify {unknown}
 q - a scroll of enchant armour {unknown}
Potions
 e - 2 potions of resistance
 g - 3 potions of haste {unknown}
 h - 3 potions of curing
 j - a potion of ambrosia {unknown}
 k - 2 potions of brilliance
 m - a potion of heal wounds {unknown}
 t - 2 potions of degeneration {unknown}
 u - a potion of lignification {unknown}
Comestibles
 d - 14 rations
 s - 5 chunks of flesh


   Skills:
 - Level 1.5 Dodging
 - Level 1.0 Stealth
 + Level 5.5 Unarmed Combat
 - Level 2.0 Spellcasting
 + Level 4.2 Conjurations
   Level 0.6 Summonings
   Level 0.6 Translocations


You had 6 spell levels left.
You knew the following spells:

 Your Spells              Type           Power        Failure   Level  Hunger
a - Magic Dart            Conj           ###.         3%          1    #......
b - Mephitic Cloud        Conj/Pois/Air  #.......     34%         3    ###....

Your spell library contained the following spells:

 Spells                   Type           Power        Failure   Level  Hunger
 Blink                    Tloc           N/A          24%         2    ###....
 Call Imp                 Summ           #.......     24%         2    ###....
 Conjure Flame            Conj/Fire      #.......     26%         3    ###....
 Slow                     Hex            #.......     30%         2    ###....


Dungeon Overview and Level Annotations

Branches:
Dungeon (6/15)             Temple (1/1) D:4

Altars:
Ashenzari
Cheibriados
Dithmenos
Elyvilon
Fedhas
Makhleb
Nemelex Xobeh
Okawaru
Ru
Trog
Wu Jian
Xom
Yredelemnul
The Shining One

Annotations:
D:6 1 runed door, Amnesiac's ghost, novice SpTm


Innate Abilities, Weirdness & Mutations

You are too large for most types of armour.
You have claws for hands.
Your metabolism is lightning-fast.
You like to eat raw meat.
Your natural rate of healing is unusually fast.
You are covered in fur. (AC +1)
You have very tough skin. (AC +2)


Message History

The centaur shoots an arrow.
The arrow hits you! The arrow burns you.
The centaur shoots an arrow.
The arrow hits you but does no damage.
You see here 2 arrows.
The centaur shoots an arrow.
The arrow hits you. The arrow burns you.
You see here an arrow.
Unknown command.
The centaur shoots an arrow.
The arrow hits you!
* * * LOW HITPOINT WARNING * * *
The arrow burns you.
* * * LOW HITPOINT WARNING * * *
You see here an arrow.
The centaur shoots an arrow.
The arrow hits you but does no damage.
The centaur shoots an arrow.
The arrow hits you.
* * * LOW HITPOINT WARNING * * *
The arrow burns you.
* * * LOW HITPOINT WARNING * * *
You see here 2 arrows.
The centaur unwields an uncursed shortbow of flaming.
It stops flaming.
The centaur hits you!
You die...

####################
##>.........((((@c..#
##.#######.########..#
...# #.# # ...# #.#
...#### #..
.#.....###.###
...###.......
..##W##.....# #
.##.$.##....#.#


You could see a centaur.

Vanquished Creatures
  A centaur (D:5)
  2 scorpions (D:4)
  A crimson imp (D:6)
  A bullfrog zombie (D:6)
  An orc priest (D:4)
  5 orc wizards
  Jessica (D:3)
  2 worker ants
  A hound skeleton (D:4)
  A howler monkey zombie (D:5)
  4 adders
  4 oozes
  An adder zombie (D:5)
  4 worms
  2 dart slugs
  2 leopard geckos
  18 orcs
  7 bats
  3 giant cockroaches
  6 goblins
  11 hobgoblins
  3 jackals (D:1)
  3 quokkas
  A ball python (D:2)
  2 frilled lizards (D:2)
  A giant cockroach zombie (D:5)
  7 kobolds
  8 rats
103 creatures vanquished.

Notes
Turn   | Place    | Note
-------+----------+-------------------------------------------
     0 | D:1      | KristoblXynda the Troll Wizard began the quest for the Orb.
     0 | D:1      | Reached XP level 1. HP: 16/16 MP: 2/2
    87 | D:1      | Reached skill level 1 in Conjurations
   176 | D:1      | Reached skill level 1 in Unarmed Combat
   176 | D:1      | Reached XP level 2. HP: 7/24 MP: 4/4
   653 | D:2      | Reached XP level 3. HP: 31/31 MP: 5/5
   715 | D:2      | Reached skill level 2 in Unarmed Combat
  1267 | D:3      | Reached XP level 4. HP: 36/39 MP: 6/6
  1321 | D:3      | Noticed Jessica
  1331 | D:3      | Killed Jessica
  1520 | D:3      | Reached skill level 3 in Unarmed Combat
  1686 | D:3      | Reached XP level 5. HP: 45/45 MP: 7/7
  1894 | D:3      | Found a shattered altar of Ashenzari.
  1904 | D:3      | Became a worshipper of Ashenzari the Shackled
  1988 | D:4      | Learned a level 3 spell: Mephitic Cloud
  2163 | D:4      | Reached skill level 4 in Unarmed Combat
  2163 | D:4      | Reached XP level 6. HP: 14/53 MP: 8/8
  2521 | D:4      | Found a staircase to the Ecumenical Temple.
  2540 | D:4      | Got the hand axe of Jefujuc {protect, Fragile rElec Int+9
                  | Stlth+}
  2545 | Temple   | Entered the Ecumenical Temple
  2881 | D:5      | Entered Level 5 of the Dungeon
  3273 | D:5      | Reached skill level 5 in Unarmed Combat
  3273 | D:5      | Reached XP level 7. HP: 32/59 MP: 9/9
  3923 | D:6      | Found a runed door.
  3923 | D:6      | Noticed Amnesiac's ghost (novice SpTm)
  4035 | D:6      | Slain by a centaur

Vault maps used:
D:1:      scummos_arrival_gate, supply_closet_lemuel
D:3:      marbit_many_paths, first_ration, uniq_jessica
D:4:      minmay_temple_entry_crystal_x
D:6:      chequers_temple_overflow_statue_of_worship,
          hellmonk_ghost_happy_afterlife
Temple:   nicolae_temple_figure_eight

Skill      XL: |  1  2  3  4  5  6 |
---------------+-------------------+-----
Conjurations   | 1 2 3 4 |  4.2
Unarmed Combat | 1 2 3 4 5 |  5.5
Dodging        | |  1.5
Stealth        | |  1.0
Spellcasting   | |  2.0
Summonings     | |  0.6
Translocations | |  0.6

Action                   |  1- 3 |  4- 6 |  7- 9 || total
-------------------------+-------+-------+-------++-------
Melee: Unarmed           |   159 |   206 |    45 ||   410
       Punch             |       |     1 |     2 ||     3
 Cast: Magic Dart        |       |    13 |       ||    13
  Use: Potion            |       |     3 |       ||     3
 Stab: Sleeping          |       |     1 |       ||     1
  Eat: Chunk             |    17 |    10 |     9 ||    36
       Ration            |       |       |     2 ||     2
Armor: Robe              |    63 |    76 |    11 ||   150
Dodge: Dodged            |    74 |    84 |    20 ||   178

Table legend:
 A = Non-vault XP
 B = Vault XP
 C = Vault XP percentage of total XP
 D = Non-vault monster count
 E = Vault monster count
 F = Vault count percentage of total count
                 A         B        C        D         E       F
            +---------+---------+-------+---------+---------+-------
      Total |     933 |      39 |   4.0 |     101 |       2 |   1.9
            +---------+---------+-------+---------+---------+-------
        D:1 |      38 |       0 |   0.0 |      20 |       0 |   0.0
        D:2 |      56 |       0 |   0.0 |      19 |       0 |   0.0
        D:3 |      67 |      39 |  36.8 |      23 |       2 |   8.0
        D:4 |     405 |       0 |   0.0 |      23 |       0 |   0.0
        D:5 |     183 |       0 |   0.0 |       7 |       0 |   0.0
        D:6 |     184 |       0 |   0.0 |       9 |       0 |   0.0
            +---------+---------+-------+---------+---------+-------
